 Dungeon Crawl Stone Soup version 0.29.1-1-gd02db6906a (webtiles) character file.

Game seed: 9247618356702063088

203 MisterFreud the Twirler (level 6, 0/44 HPs)
             Began as a Formicid Gladiator on Oct 13, 2022.
             Slain by a water moccasin (7 damage)
             ... in a sewer.
             The game lasted 00:04:46 (3265 turns).

MisterFreud the Twirler (Formicid Gladiator)        Turns: 3265, Time: 00:04:47

Health: 0/44       AC:  9    Str: 21    XL:     6   Next: 8%
Magic:  6/6        EV: 11    Int:  7    God:
Gold:   158        SH: 10    Dex: 15    Spells: 5/5 levels left

rFire   . . .      SeeInvis +   a - +0 quarterstaff
rCold   . . .      Faith    .   f - +1 kite shield
rNeg    . . .      Spirit   .   j - +0 chain mail
rPois   .          Reflect  .   (helmet unavailable)
rElec   .          Harm     .   (no cloak)
rCorr   .          Rampage  .   (no gloves)
Will    +....                   m - +0 pair of boots
Stlth   ..........              n - amulet of the acrobat
HPRegen 0.14/turn               k - +4 ring of evasion
MPRegen 0.10/turn               h - ring of willpower

@: lethally poisoned (0 -> -16)
A: permanent stasis, dig shafts and tunnels, antennae 3, four strong arms
a: Dig


You were in a sewer.
You visited 1 branch of the dungeon, and saw 4 of its levels.
You also visited: Sewer.

You collected 158 gold pieces.

Inventory:

Hand Weapons
 a - a +0 quarterstaff (weapon)
Missiles
 c - 3 throwing nets (quivered)
 d - 4 javelins
 p - 6 atropa-tipped darts
Armour
 b - a +0 leather armour
 f - a +1 kite shield (worn)
 j - a +0 chain mail (worn)
 m - a +0 pair of boots (worn)
Jewellery
 h - a ring of willpower (right hand)
 k - a +4 ring of evasion (left hand)
 n - an amulet of the acrobat (around neck)
Scrolls
 o - 2 scrolls of enchant armour
 v - a scroll of vulnerability {unknown}
Potions
 e - 2 potions of degeneration {unknown}
 g - 3 potions of brilliance
 i - a potion of heal wounds
 l - 3 potions of mutation {unknown}
 q - a potion of curing {unknown}
 r - 2 potions of might
 s - a potion of ambrosia
 t - a potion of magic {unknown}
 u - a potion of flight {unknown}


   Skills:
 - Level 2.1 Fighting
 * Level 5.4 Staves
 - Level 2.0 Throwing
 + Level 2.0 Armour
 - Level 2.6 Dodging
 + Level 2.8 Shields


You had 5 spell levels left.
You didn't know any spells.
Your spell library was empty.

Dungeon Overview and Level Annotations

Branches:
Dungeon (4/15)              Sewer (1/1)
 Temple: D:4-7

Altars:
Makhleb


Innate Abilities, Weirdness & Mutations

You cannot be hasted, slowed, berserked, paralysed or teleported.
You can dig through walls and to a lower floor.
You have a pair of large antennae on your head. (SInv)
Your four strong arms can wield two-handed weapons with a shield.


Message History

You hit the water moccasin.
The water moccasin is lightly wounded.
The water moccasin bites you. x2
You miss the water moccasin.
The water moccasin is lightly wounded.
The water moccasin bites you.
You hit the water moccasin but do no damage.
The water moccasin is lightly wounded.
The water moccasin bites you but does no damage.
You block the water moccasin's attack.
You hit the water moccasin but do no damage.
The water moccasin is lightly wounded.
The water moccasin bites you!
The water moccasin bites you but does no damage.
You hit the water moccasin.
The water moccasin is moderately wounded.
The water moccasin bites you.
You barely miss the water moccasin.
The water moccasin is moderately wounded.
The water moccasin bites you.
You are poisoned.
The water moccasin poisons you! You block the water moccasin's attack.
You miss the water moccasin.
The water moccasin is moderately wounded.
You feel very sick. The water moccasin bites you.
You miss the water moccasin.
The water moccasin is moderately wounded.
You feel very sick. The water moccasin closely misses you.
The water moccasin barely misses you.
You sock the water moccasin!
The water moccasin is severely wounded.
You feel sick. The water moccasin closely misses you.
You hit the water moccasin.
The water moccasin is severely wounded.
You feel sick. The water moccasin bites you.
* * * LOW HITPOINT WARNING * * *
You are lethally poisoned!
The water moccasin poisons you! The water moccasin bites you!
You die...

. ...
.....############
......S@........∩
.....####.######
... #.# . #.# #.#
#.# #.# ##.##
##...##


You could see a water moccasin.

Vanquished Creatures
  An ogre (D:4)
  2 adders (D:4)
  5 worms
  2 dart slugs
  8 endoplasms
  5 giant cockroaches
  4 goblins
  9 hobgoblins
  8 jackals
  3 quokkas
  5 ball pythons
  6 bats
  4 frilled lizards
  9 kobolds
  11 rats
82 creatures vanquished.

Notes
Turn   | Place    | Note
-------+----------+-------------------------------------------
     0 | D:1      | MisterFreud the Formicid Gladiator began the quest for the
                  | Orb.
     0 | D:1      | Reached XP level 1. HP: 16/16 MP: 1/1
   195 | D:1      | Reached XP level 2. HP: 22/22 MP: 2/2
   536 | D:1      | Reached skill level 4 in Staves
   536 | D:1      | Reached XP level 3. HP: 27/27 MP: 3/3
  1056 | D:2      | You fall into a shaft and drop 1 floor!
  1482 | D:2      | Reached skill level 1 in Shields
  1482 | D:2      | Reached XP level 4. HP: 19/33 MP: 4/4
  1712 | D:3      | Found a burning altar of Makhleb.
  1712 | D:3      | Noticed a balrug
  2735 | D:4      | Noticed a wight
  2735 | D:4      | Noticed a wight
  2735 | D:4      | Noticed a wight
  2735 | D:4      | Noticed a wight
  2819 | D:4      | Reached skill level 1 in Armour
  2903 | D:4      | Noticed an ogre
  2909 | D:4      | Killed an ogre
  2910 | D:4      | Reached skill level 5 in Staves
  2910 | D:4      | Reached XP level 5. HP: 36/38 MP: 5/5
  3060 | D:4      | Reached XP level 6. HP: 44/44 MP: 6/6
  3142 | D:4      | Found a glowing drain.
  3146 | Sewer    | Entered a sewer
  3251 | Sewer    | Noticed a water moccasin
  3265 | Sewer    | Slain by a water moccasin

Illustrated notes

Levels and vault maps discovered:
D:1:      psy_arrival_dodecagon, layout_loops_ring, hex_tiny
D:2:      layout_rooms, minmay_cut_off
D:3:      layout_basic, makhleb_altar_promises_db, minmay_pentomino_pile
D:4:      layout_loops_ring, gup_sewer_entry_spiral, uniq_pikel
Sewer:    sewer_big_baddie

Skill      XL: |  1  2  3  4  5 |
---------------+----------------+-----
Staves         | 4 5 |  5.4
Shields        | 1 2 |  2.8
Armour         | 1 2 |  2.0
Fighting       | |  2.1
Throwing       | |  2.0
Dodging        | |  2.6

Action                   |  1- 3 |  4- 6 || total
-------------------------+-------+-------++-------
Melee: Quarterstaff      |   115 |   184 ||   299
  Use: Scroll            |     3 |     7 ||    10
 Stab: Sleeping          |     2 |       ||     2
Armor: Leather armour    |    15 |       ||    15
       Chain mail        |    18 |    44 ||    62
Dodge: Dodged            |    42 |    73 ||   115
Block: Kite shield       |    47 |    86 ||   133
